 Dungeon Crawl Stone Soup version 0.32-a0-131-g9dbbe29 (webtiles) character file.

Game seed: 14742669664133279823

213 edsrzf the Conjurer (level 5, -6/31 HPs)
             Began as an Octopode Hedge Wizard on Feb 8, 2024.
             Mangled by an iguana (9 damage)
             ... on level 4 of the Dungeon.
             The game lasted 00:06:51 (3263 turns).

edsrzf the Conjurer (Octopode Hedge Wizard)         Turns: 3263, Time: 00:06:52

Health: -6/31      AC:  2    Str:  9    XL:     5   Next: 90%
Magic:  3/10       EV: 13    Int: 19    God:
Gold:   192        SH:  0    Dex: 11    Spells: 7/11 levels left

rFire   . . .        a - +1 dagger
rCold   . . .        (no shield)
rNeg    . . .        t - +1 hat
rPois   .            (no amulet)
rElec   .            (no ring)
rCorr   .            (no ring)
SInv    .            (no ring)
Will    .....        (no ring)
Stlth   +++          (no ring)
HPRegen 0.25/turn    (no ring)
MPRegen 0.12/turn    (no ring)
                     (no ring)

%: no passive effects
@: no status effects
A: almost no armour, amphibious, 8 rings, camouflage 1, gelatinous body 1,
(nimble swimmer 1), tentacles
a: no special abilities


You were on level 4 of the Dungeon.
You visited 1 branch of the dungeon, and saw 4 of its levels.

You collected 192 gold pieces.

Inventory:

Hand Weapons
 a - a +1 dagger (weapon)
Missiles
 n - 6 poisoned darts
Armour
 t - a +1 hat (worn)
Scrolls
 f - a scroll of enchant armour {unknown}
 g - 2 scrolls of teleportation {unknown}
 j - 2 scrolls of identify
 m - a scroll of amnesia {unknown}
 o - a scroll of revelation {unknown}
 q - a scroll of fog {unknown}
 s - 2 scrolls of enchant weapon
Potions
 b - a potion of resistance
 c - a potion of magic
 e - a potion of might {unknown}
 h - a potion of attraction {unknown}
 i - 2 potions of haste
 k - a potion of cancellation {unknown}
 l - a potion of berserk rage {unknown}
 p - a potion of lignification {unknown}
 r - a potion of mutation {unknown}
 u - a potion of enlightenment {unknown}


   Skills:
 - Level 2.0 Dodging
 - Level 2.6 Stealth
 + Level 3.8 Spellcasting
 - Level 4.2 Conjurations
 - Level 1.0 Summonings
 - Level 1.0 Translocations
 + Level 2.5 Alchemy


You had 7 spell levels left.
You knew the following spells:

 Your Spells              Type           Power      Damage    Failure   Level
C - Mephitic Cloud        Conj/Alch/Air  12%        N/A       17%         3
X - Magic Dart            Conj           76%        1d6       2%          1

Your spell library contained the following spells:

 Spells                   Type           Power      Damage    Failure   Level
 Slow                     Hex            12%        N/A       14%         1
 Blink                    Tloc           14%        N/A       14%         2
 Call Imp                 Summ           14%        N/A       14%         2
 Cigotuvi's Dreadful Rot  Necr/Alch/Air  12%        N/A       16%         2
 Hailstorm                Conj/Ice       11%        3d6       19%         3
 Scorch                   Fire           6%         2d5       22%         2
 Summon Ice Beast         Ice/Summ       5%         N/A       34%         3
 Flame Wave               Conj/Fire      11%        2d6       52%         4
 Sculpt Simulacrum        Ice/Alch       4%         N/A       100%        6
 Summon Cactus Giant      Summ           3%         N/A       100%        6


Dungeon Overview and Level Annotations

Branches:
Dungeon (4/15)
 Temple: D:4-7

Altars:
Ashenzari
Trog
Uskayaw
Wu Jian

Annotations:
D:4 exclusion: orc


Innate Abilities, Weirdness & Mutations

You cannot wear most types of armour.
You are amphibious.
You can wear up to eight rings at the same time.
Your skin changes colour to match your surroundings (Stealth+).
Your rubbery body absorbs attacks. (AC +1, EV +1)
((You are camouflaged when in or above water. (Stealth+)))
You have tentacles for arms and can constrict up to eight enemies at once.


Message History

Confirm with . or Enter, or press ? or * to list all spells.
The magic dart hits the hound.
The hound is moderately wounded.
The hound barely misses you.
You hit the hound but do no damage. You grab the hound.
The hound is moderately wounded.
You constrict the hound. The hound closely misses you. The hound misses you.
You hit the hound but do no damage. You squeeze the hound!
The hound is almost dead.
You constrict the hound.
You kill the hound!
You start resting.
Magic restored.
You see here a giant cockroach corpse.
You now have 192 gold pieces (gained 10).
An iguana comes into view.
Casting: Magic Dart (safe; 2% risk of failure)
Confirm with . or Enter, or press ? or * to list all spells.
Okay, then.
Unknown command.
Casting: Magic Dart (safe; 2% risk of failure)
Confirm with . or Enter, or press ? or * to list all spells.
Okay, then.
Casting: Magic Dart (safe; 2% risk of failure)
Confirm with . or Enter, or press ? or * to list all spells.
The magic dart hits the iguana but does no damage.
The iguana hisses angrily.
Casting: Magic Dart (safe; 2% risk of failure)
Confirm with . or Enter, or press ? or * to list all spells.
The magic dart hits the iguana but does no damage.
Casting: Magic Dart (safe; 2% risk of failure)
Confirm with . or Enter, or press ? or * to list all spells.
The magic dart hits the iguana.
The iguana is moderately wounded.
The iguana bites you!
You hit the iguana. Your grab misses the iguana.
You squeeze the iguana, but do no damage.
The iguana is moderately wounded.
The iguana closely misses you.
You hit the iguana but do no damage. You grab the iguana.
The iguana is moderately wounded.
You constrict the iguana, but do no damage.
The iguana bites you.
You hit the iguana but do no damage.
The iguana is moderately wounded.
You constrict the iguana, but do no damage.
The iguana misses you.
Casting: Magic Dart (safe; 2% risk of failure)
Confirm with . or Enter, or press ? or * to list all spells.
Aiming: Magic Dart (safe; 2% risk of failure)
Press: ? - help, Shift-Dir - straight line, f/p - iguana
Aim: an iguana (moderately wounded, constricted by you, 100% to hit)
The magic dart hits the iguana but does no damage.
The iguana is moderately wounded.
You constrict the iguana, but do no damage.
The iguana bites you!
Unknown command.
Casting: Magic Dart (safe; 2% risk of failure)
Confirm with . or Enter, or press ? or * to list all spells.
Aiming: Magic Dart (safe; 2% risk of failure)
Press: ? - help, Shift-Dir - straight line, f/p - iguana
Aim: an iguana (moderately wounded, constricted by you, 100% to hit)
The magic dart hits the iguana but does no damage.
The iguana is moderately wounded.
You constrict the iguana, but do no damage.
The iguana closely misses you.
You feel better.
You constrict the iguana. The iguana bites you!
You feel better.
You constrict the iguana. The iguana bites you!
* * * LOW HITPOINT WARNING * * *
You feel better.
You constrict the iguana, but do no damage.
The iguana closely misses you.
Casting: Magic Dart (safe; 2% risk of failure)
Confirm with . or Enter, or press ? or * to list all spells.
Aiming: Magic Dart (safe; 2% risk of failure)
Press: ? - help, Shift-Dir - straight line, f/p - iguana
Aim: an iguana (heavily wounded, constricted by you, 100% to hit)
The magic dart hits the iguana but does no damage.
The iguana is heavily wounded.
You constrict the iguana. The iguana barely misses you.
Okay, then.
Casting: Magic Dart (safe; 2% risk of failure)
Confirm with . or Enter, or press ? or * to list all spells.
Aiming: Magic Dart (safe; 2% risk of failure)
Press: ? - help, Shift-Dir - straight line, f/p - iguana
Aim: an iguana (severely wounded, constricted by you, 100% to hit)
The magic dart hits the iguana but does no damage.
The iguana is severely wounded.
You constrict the iguana, but do no damage.
The iguana bites you!
* * * LOW HITPOINT WARNING * * *
Casting: Magic Dart (safe; 2% risk of failure)
Confirm with . or Enter, or press ? or * to list all spells.
Aiming: Magic Dart (safe; 2% risk of failure)
Press: ? - help, Shift-Dir - straight line, f/p - iguana
Aim: an iguana (severely wounded, constricted by you, 100% to hit)
The magic dart hits the iguana but does no damage.
The iguana is severely wounded.
You constrict the iguana. The iguana bites you!
You die...

####.#.......... #...#
#.#.#...#..#######.#.#
#.#†#...#..<.......#.#
#....###.#(#######.#.#####
#...## #).# #####.#......
#..## ##.###.......#####
#..# #..##.###.### ##.##
##.....>...# #..##
##@.....#####
#.#.###l####### #.#....##
#.#...## #.###.# #.. ..#
#..#..# #.###.. ..#


You could see an iguana.

Vanquished Creatures
  A hound (D:4)
  A bombardier beetle (D:3)
  4 adders
  3 gnolls (D:3)
  3 dart slugs
  A ribbon worm (D:3)
  4 orcs
  8 ball pythons
  3 bats
  2 endoplasms
  5 giant cockroaches
  5 goblins
  8 hobgoblins
  5 jackals (D:2)
  3 quokkas
  A frilled lizard (D:3)
  8 kobolds
  7 rats
72 creatures vanquished.

Notes
Turn   | Place    | Note
-------+----------+-------------------------------------------
     0 | D:1      | edsrzf the Octopode Hedge Wizard began the quest for the
                  | Orb.
     0 | D:1      | Reached XP level 1. HP: 11/11 MP: 4/4
   188 | D:1      | Reached skill level 2 in Conjurations
   188 | D:1      | Reached XP level 2. HP: 17/17 MP: 6/6
   604 | D:1      | Reached XP level 3. HP: 21/21 MP: 5/7
   694 | D:1      | Reached skill level 3 in Conjurations
  1107 | D:2      | You fall into a shaft and drop 2 floors!
  1374 | D:3      | Reached XP level 4. HP: 27/27 MP: 1/8
  1484 | D:3      | Found a broken altar of Ashenzari.
  1484 | D:3      | Found an ornate altar of the Wu Jian Council.
  1485 | D:3      | Found a bloodstained altar of Trog.
  1494 | D:3      | Learned a level 3 spell: Mephitic Cloud
  1525 | D:3      | Reached skill level 4 in Conjurations
  1916 | D:3      | Found a hide-covered altar of Uskayaw.
  1949 | D:3      | Identified 2 potions of curing
  1952 | D:3      | Identified 2 potions of haste
  2120 | D:2      | Reached skill level 1 in Alchemy
  2128 | D:2      | Reached XP level 5. HP: 31/31 MP: 1/9
  2455 | D:2      | Identified 3 scrolls of enchant weapon
  2934 | D:3      | Identified 3 scrolls of identify
  2934 | D:3      | Identified a potion of resistance
  2943 | D:3      | Reached skill level 2 in Alchemy
  3263 | D:4      | Mangled by an iguana

Illustrated notes

Levels and vault maps discovered:
D:1:      elethiomel_arrival_shortcut, layout_basic, serial_bayou_ford_a,
          chequers_jeans, nrook_mini_vaults
D:2:      layout_loops_ring
D:3:      layout_basic, minitemple, nicolae_uskayaw_dance_hall
D:4:      layout_loops_ring, grunt_ministairs_15

Skill      XL: |  1  2  3  4  5 |
---------------+----------------+-----
Conjurations   | 2 3 4 |  4.2
Alchemy        | 1 2 |  2.5
Dodging        | |  2.0
Stealth        | |  2.6
Spellcasting   | |  3.8
Summonings     | |  1.0
Translocations | |  1.0

Action                     |  1- 3 |  4- 6 || total
---------------------------+-------+-------++-------
  Melee: Dagger            |    24 |    31 ||    55
         Constrict         |     6 |    11 ||    17
         Tentacles         |     6 |     9 ||    15
         Punch             |     1 |     1 ||     2
  Throw: Dart              |       |     2 ||     2
   Cast: Magic Dart        |    53 |    85 ||   138
    Use: Potion            |       |     6 ||     6
         Scroll            |       |     2 ||     2
   Stab: Sleeping          |     2 |     1 ||     3
         Distracted        |       |     1 ||     1
 Armour: Skin              |     7 |    24 ||    31
  Dodge: Dodged            |    15 |    27 ||    42

Table legend: (Time is in decaauts)
 A = Elapsed time spent in this place.
 B = Non-inter-level travel time spent in this place.
 C = Inter-level travel time spent in this place.
 D = Time resting spent in this place.
 E = Time spent auto-exploring this place.
 F = Levels seen in this place.
 G = Mean time per level.
                   A        B        C        D        E       F      G
               +--------+--------+--------+--------+--------+-----+--------+
         Total |   3243 |   3155 |     88 |    447 |   2092 |   4 |  810.8 |
       Dungeon |   3243 |   3155 |     88 |    447 |   2092 |   4 |  810.8 |
               +--------+--------+--------+--------+--------+-----+--------+

Top non-repeatable levels by time:
     D:1: 1061 daAuts
     D:3: 938 daAuts
     D:2: 840 daAuts
     D:4: 402 daAuts
